 Dungeon Crawl Stone Soup version 0.28.0-53-g5a82cb258f (webtiles) character file.

Game seed: 13447032636950994838

178621 NoAnimeNoLife the Unseen (level 16, -10/88 HPs)
             Began as a Spriggan Enchanter on June 1, 2022.
             Was a High Priest of Jiyva.
             Mangled by a phantasmal warrior (16 damage)
             ... on level 1 of the Vaults.
             The game lasted 02:20:26 (26730 turns).

NoAnimeNoLife the Unseen (Spriggan Enchanter)      Turns: 26730, Time: 02:20:27

Health: -10/88     AC: 11    Str:  6    XL:     16   Next: 99%
Magic:  37/37      EV: 33    Int: 17    God:    Jiyva [*****.]
Gold:   697        SH:  0    Dex: 23    Spells: 36/47 levels left

rFire   . . .      SeeInvis +   n - +4 dagger (vamp)
rCold   + + +      Faith    .   (no shield)
rNeg    . . .      Spirit   .   P - +6 acid dragon scales "Arut" {rPois rC++ rCorr}
rPois   +          Reflect  .   (helmet restricted)
rElec   .          Harm     .   (no cloak)
rCorr   +          Rampage  .   (gloves unavailable)
Will    +++++      Rage     1%  (boots unavailable)
Stlth   ++++++++..              x - amulet of regeneration
HPRegen 2.48/turn               X - ring of wizardry
MPRegen 0.70/turn               T - +4 ring of evasion

@: very quick
A: very small, no large weapons, unfitting armour, see invisible, speed 3,
antennae 1, iridescent scales 1, agile 1, berserk 1, cold resistance 3,
strong-willed 3, robust 1, wild magic 3, pseudopods 2
}: 2/15 runes: barnacled, slimy
a: Renounce Religion, Oozemancy, Slimify


You were on level 1 of the Vaults.
You worshipped Jiyva.
Jiyva was extremely pleased with you.
You visited 6 branches of the dungeon, and saw 32 of its levels.
You also visited: Ice Cave.

You collected 1301 gold pieces.
You spent 604 gold pieces at shops.

Inventory:

Hand Weapons
 a - a +2 dagger
 n - a +4 vampiric dagger (weapon)
Missiles
 j - 8 poisoned darts (quivered)
 F - 9 throwing nets
Armour
 b - a +0 robe
 k - an orb of light
 l - a scarf of harm
 q - +1 acid dragon scales
 t - the +4 kite shield "Eluss" {Str+2 Int+2 Dex+2}
   (You found it on level 10 of the Dungeon)

   Str:       It affects your strength (+2).
   Int:       It affects your intelligence (+2).
   Dex:       It affects your dexterity (+2).
 w - a +0 troll leather armour
 E - a +0 buckler
 H - a +2 robe of cold resistance
 L - the +1 pair of gloves of Bad Feelings {+Inv}
   (You found it on level 5 of the Pits of Slime)

   +Inv:      It lets you turn invisible.
 P - the +6 acid dragon scales "Arut" (worn) {rPois rC++ rCorr}
   (You found it on level 5 of the Pits of Slime)

   rC:        It greatly protects you from cold.
   rPois:     It protects you from poison.
   rCorr:     It protects you from acid and corrosion.
 R - a +0 leather armour
Magical Staves
 e - a staff of fire
Jewellery
 r - a ring of positive energy
 x - an amulet of regeneration (around neck)
 C - a ring of fire
 J - a ring of ice
 T - a +4 ring of evasion (right hand)
 X - a ring of wizardry (left hand)
Wands
 i - a wand of acid (2)
 m - a wand of iceblast (6)
 p - a wand of flame (15)
 u - a wand of paralysis (2)
 v - a wand of polymorph (13)
 I - a wand of mindburst (8)
 V - a wand of digging (5)
Scrolls
 o - 6 scrolls of teleportation
 s - a scroll of enchant weapon
 y - 2 scrolls of noise
 z - 2 scrolls of enchant armour
 B - 3 scrolls of silence
 D - 2 scrolls of holy word
 G - 2 scrolls of fear
 N - 2 scrolls of vulnerability
 Z - 3 scrolls of identify
Potions
 c - 2 potions of invisibility
 d - 3 potions of resistance
 f - 2 potions of berserk rage
 g - 5 potions of flight
 O - a potion of brilliance
 Q - 10 potions of ambrosia
 U - 2 potions of degeneration
 W - a potion of might
Miscellaneous
 K - a phial of floods
 S - a piece from Xom's chessboard (15/15)
 Y - a lightning rod (4/4)


   Skills:
 + Level 7.4 Fighting
 - Level 13.1 Short Blades
 + Level 16.2 Dodging
 + Level 20.9 Stealth
 + Level 16.4 Spellcasting
 + Level 15.8 Hexes
 + Level 7.5 Ice Magic
 - Level 4.0 Evocations


You had 36 spell levels left.
You knew the following spells:

 Your Spells              Type           Power      Damage    Failure   Level
a - Ensorcelled Hibernat  Hex/Ice        100%       N/A       1%          2
b - Confusing Touch       Hex            91%        N/A       1%          3
c - Tukima's Dance        Hex            91%        N/A       1%          3
d - Dazzling Flash        Conj/Hex       100%       N/A       2%          3

Your spell library contained the following spells:

 Spells                   Type           Power      Damage    Failure   Level
 Inner Flame              Hex/Fire       67%        N/A       2%          3
 Animate Skeleton         Necr           52%        N/A       11%         1
 Apportation              Tloc           52%        N/A       11%         1
 Foxfire                  Conj/Fire      100%       2x1d9     11%         1
 Summon Small Mammal      Summ           100%       N/A       11%         1
 Silence                  Hex/Air        33%        N/A       12%         5
 Hailstorm                Conj/Ice       50%        3d11      19%         4
 Ice Form                 Ice/Tmut       50%        N/A       19%         4
 Conjure Flame            Conj/Fire      26%        6-21      24%         3
 Gell's Gravitas          Tloc           26%        N/A       24%         3
 Lesser Beckoning         Tloc           26%        N/A       24%         3
 Teleport Other           Tloc           26%        N/A       24%         3
 Flame Wave               Conj/Fire      26%        2d7       52%         4
 Agony                    Necr           26%        N/A       82%         5
 Simulacrum               Ice/Necr       25%        N/A       86%         6


Dungeon Overview and Level Annotations

Branches:
Dungeon (14/15)            Temple (0/1) D:5            Lair (6/6) D:8
 Shoals (4/4) Lair:2        Snake (0/4) Lair:4        Slime (5/5) Lair:5
    Orc (2/2) D:11            Elf (0/3) Orc:2        Vaults (1/5) D:14
  IceCv (visited)

Altars:
Cheibriados
Dithmenos
Elyvilon
Fedhas
Hepliaklqana
Kikubaaqudgha
Makhleb
Nemelex Xobeh
Okawaru
Ru
Uskayaw
Yredelemnul
Beogh
Jiyva

Shops:
D:5 *   D:7 *   D:14 [   Orc:2 =(*[

Annotations:
Lair:1 exclusion: oklob plant
Shoals:3 Mlioglotl
Shoals:4 Mara
Slime:4 Dissolution
Slime:5 Royal Jelly


Innate Abilities, Weirdness & Mutations

You are very small and have problems with some larger weapons.
You are too small for most types of armour.
You have supernaturally acute eyesight. (SInv)
You cover ground extremely quickly. (Speed+++)
You have a pair of small antennae on your head.
You are partially covered in iridescent scales. (AC +2)
You are agile. (Dex +2)
You tend to lose your temper in combat.
Your flesh is almost immune to the effects of cold. (rC+++)
You are extremely strong-willed. (Will+++)
You are robust. (+10% HP)
Your spells are much harder to cast, but much more powerful.
Armour fits poorly on your large pseudopods.


Message History

The ironbound preserver closely misses you.
You hit the ironbound convoker.
You feel better.
The ironbound convoker is heavily wounded.
The deep troll completely misses you. x2; The deep troll misses you.
The phantasmal warrior hits you.
You hit the ironbound convoker.
Your punch misses the ironbound convoker.
You bludgeon the ironbound convoker, but do no damage.
The ironbound convoker is heavily wounded.
You stop calling forth ooze.
The ironbound convoker casts a spell at the phantasmal warrior.
The phantasmal warrior seems to grow stronger.
The ironbound preserver hits you with a +0 great mace!
You closely miss the deep troll. Your bludgeon misses the deep troll.
The deep troll closely misses you. The deep troll claws you!
The deep troll claws you.
The phantasmal warrior barely misses you.
You hear a distant slurping noise.
You hit the deep troll.
The deep troll is lightly wounded.
The ironbound convoker misses you.
The ironbound preserver casts a spell.
The ironbound preserver begins to accept its allies' injuries.
You hit the deep troll.
The deep troll is lightly wounded.
The deep troll completely misses you. The deep troll barely misses you.
The deep troll misses you. The phantasmal warrior hits you!!
You shudder from the blow and a jelly pops out!
You hit the deep troll. Your bludgeon misses the deep troll.
The deep troll is lightly wounded.
The ironbound convoker completely misses you.
The ironbound preserver hits you with a +0 great mace!!
* * * LOW HITPOINT WARNING * * *
You shudder from the blow and a jelly pops out!
You barely miss the deep troll.
The deep troll is lightly wounded.
The deep troll completely misses you. x2; The deep troll claws you.
* * * LOW HITPOINT WARNING * * *
The phantasmal warrior hits you!
You die...

#.....# #...# #..J..#
#...# ###.§†..# #...#
........# #...# ...§.§..#
#...##
......p§#######.#.'#######
.....§.§'^..§.J∩J.#......#
.......§#p....#.Wp#......#
#########......p@T#.#....#
......# ######.####...####
......# ##.......# ......#
#.§#....# ......#
#.......# ......#
#...##### ......# #...#
......# #...# #########
###'#


You could see an ironbound preserver (ally target), a deep troll (sheltered), a
vault sentinel, a phantasmal warrior (strong, sheltered, ally target), an
ironbound convoker (sheltered) and 2 friendly rockslimes.

Vanquished Creatures
  Frances (D:12)
  A sphinx (Shoals:4)
  Ilsuiw (Shoals:3)
  2 vault wardens (Vaults:1)
  4 ironbound preservers (Vaults:1)
  A very ugly thing (Vaults:1)
  A reaper (IceCv)
  A dire elephant (Vaults:1)
  7 merfolk impalers
  A yaktaur captain (Vaults:1)
  Josephine (D:11)
  A boulder beetle (Vaults:1)
  6 hydras
  An ironbound frostheart (Vaults:1)
  2 catoblepae
  3 two-headed ogres
  2 centaur warriors (Vaults:1)
  2 satyrs
  3 merfolk avatars
  A tengu warrior (D:13)
  An orc high priest (Orc:2)
  2 skeletal warriors (D:12)
  8 sea snakes
  A fire crab (Lair:2)
  4 deep trolls (Vaults:1)
  A wizard (Vaults:1)
  Pikel (D:4)
  2 ironbound convokers (Vaults:1)
  2 orc knights
  A phantasmal warrior (Vaults:1)
  A lindwurm (Vaults:1)
  9 ugly things
  A wolf spider (Lair:6)
  17 harpies
  2 cyclopes
  5 manticores
  13 fauns
  4 orc sorcerers
  A guardian serpent (Lair:6)
  29 elephants
  6 merfolk sirens
  6 black mambas (Lair:6)
  A vault sentinel (Vaults:1)
  13 cane toads
  A water nymph (Shoals:4)
  A torpor snail (Lair:2)
  3 rime drakes
  A gargoyle (D:12)
  A kobold demonologist (D:8)
  An unseen horror (D:10)
  2 tengu conjurers
  5 ice devils
  11 komodo dragons
  2 yaktaurs (Vaults:1)
  A polar bear (Lair:4)
  5 trolls
  2 meliai (Lair:5)
  2 hornets (Lair:6)
  A queen bee (Lair:5)
  16 merfolk
  6 wind drakes
  23 blink frogs
  8 snapping turtles
  2 dream sheep (Lair:1)
  5 water elementals
  A spriggan (Lair:3)
  A dire elephant simulacrum (IceCv)
  A shadow (D:12)
  A spriggan (shapeshifter) (D:14)
  A vampire (D:8)
  4 wraiths
  10 wyverns
  54 yaks
  3 redbacks (Lair:6)
  7 basilisks
  7 vampire mosquitoes (D:12)
  4 nagas (Lair:4)
  6 wargs
  2 acid dragons
  28 water moccasins
  25 orc warriors
  3 necrophages
  A boggart (Vaults:1)
  4 ogres
  16 wolves
  7 centaurs
  13 kobold brigands
  A phantom (D:5)
  13 bullfrogs
  A lemure (D:4)
  2 scorpions (D:6)
  3 two-headed ogre simulacra (IceCv)
  A cane toad simulacrum (IceCv)
  A water moccasin zombie (D:5)
  A wyvern skeleton (D:7)
  21 killer bees
  3 wights (D:8)
  A howler monkey (D:13)
  A jelly (Shoals:4)
  2 electric eels (Lair:4)
  A hound (D:4)
  5 centaur zombies
  A bullfrog skeleton (D:5)
  18 orc priests
  An iguana (D:7)
  23 orc wizards
  A centaur skeleton (D:7)
  A gnoll shaman (D:4)
  7 hell rats (Lair:2)
  A troll simulacrum (IceCv)
  3 wolf simulacra (IceCv)
  A spriggan simulacrum (IceCv)
  A killer bee zombie (D:9)
  8 adders
  3 gnolls
  A white imp (D:5)
  An ufetubus (D:4)
  2 worms
  A dart slug (D:3)
  72 orcs
  2 giant cockroaches
  A goblin (D:2)
  6 hobgoblins
  4 jackals (D:2)
  A quokka (D:3)
  5 ball pythons
  2 bats (D:2)
  2 frilled lizards (D:1)
  17 kobolds
  2 rats (D:1)
716 creatures vanquished.

Vanquished Creatures (collateral kills)
  An orc warlord (Orc:2)
  A vault warden (Vaults:1)
  2 dire elephants
  A minotaur (Shoals:4)
  2 merfolk impalers (Shoals:3)
  A yaktaur captain (Vaults:1)
  3 two-headed ogres
  2 merfolk aquamancers
  2 tengu warriors (D:14)
  8 skeletal warriors
  2 wizards (Vaults:1)
  A harpy (Shoals:4)
  3 orc knights (Orc:2)
  An orc sorcerer (Orc:2)
  2 cyclopes
  2 elephants (Lair:3)
  A merfolk siren (Shoals:3)
  An ice statue (IceCv)
  3 ice devils (IceCv)
  3 yaktaurs (Vaults:1)
  An anaconda simulacrum (IceCv)
  9 merfolk
  A troll (Orc:2)
  A snapping turtle (Shoals:2)
  6 dream sheep
  3 water elementals
  A death yak simulacrum (IceCv)
  A warg (Orc:2)
  A water moccasin (Lair:1)
  10 orc warriors
  A two-headed ogre simulacrum (IceCv)
  A wight (D:8)
  10 orc priests
  3 orc wizards
  A spriggan simulacrum (IceCv)
  A polar bear simulacrum (IceCv)
  2 naga simulacra (IceCv)
  A white imp (IceCv)
  17 orcs
113 creatures vanquished.

Vanquished Creatures (others)
  An acid blob (Lair:5)
  A deep elf sorcerer (Vaults:1)
  A vault warden (Vaults:1)
  An ironbound preserver (Vaults:1)
  A deep elf annihilator (Vaults:1)
  A yaktaur captain (D:14)
  2 great orbs of eyes (Vaults:1)
  A vault guard (Vaults:1)
  A hydra (D:14)
  A centaur warrior (Vaults:1)
  A sea snake (Shoals:2)
  2 glowing orange brains (Vaults:1)
  2 ironbound convokers (Vaults:1)
  A cyclops (D:14)
  An elephant (Lair:5)
  A merfolk siren (Shoals:2)
  3 vault sentinels (Vaults:1)
  4 yaktaurs
  A meliai (Lair:5)
  A wind drake (shapeshifter) (D:14)
  11 slime creatures
  3 dream sheep (Shoals:3)
  A wyvern (D:11)
  A wraith (D:10)
  5 yaks (Lair:5)
  A swamp worm (shapeshifter) (Vaults:1)
  5 dancing weapons
  A water moccasin (D:6)
  2 black bears
  An orc warrior (Orc:2)
  A centaur (Lair:2)
  3 lemures (D:4)
  A bullfrog (D:6)
  5 killer bees
  99 jellies
  3 orc priests
  A hound (D:4)
  An iguana (D:5)
  4 orc wizards
  A hound skeleton (D:4)
  2 gnolls (D:4)
  3 adders
  3 white imps
  A worm (D:2)
  A dart slug (D:2)
  5 endoplasms
  15 orcs
  2 ball pythons
  2 hobgoblins
  2 bats
  A frilled lizard (D:3)
  3 bushes (D:14)
  A butterfly (D:5)
  164 fungi
  229 plants
612 creatures vanquished.

Grand Total: 1441 creatures vanquished

Notes
Turn   | Place    | Note
-------+----------+-------------------------------------------
     0 | D:1      | NoAnimeNoLife the Spriggan Enchanter began the quest for
                  | the Orb.
     0 | D:1      | Reached XP level 1. HP: 9/9 MP: 5/5
   516 | D:1      | Found a faded altar of an unknown god.
   526 | D:1      | Prayed at the altar of an unknown god.
   526 | D:1      | Became a worshipper of Jiyva Joug the Shapeless
   526 | D:1      | Reached * piety under Jiyva
   752 | D:1      | Reached XP level 2. HP: 12/13 MP: 6/6
   862 | D:1      | Learned a level 2 spell: Ensorcelled Hibernation
  1220 | D:2      | Reached ** piety under Jiyva
  1560 | D:2      | Reached XP level 3. HP: 12/16 MP: 4/8
  1692 | D:2      | Found a white marble altar of Elyvilon.
  1938 | D:2      | Reached *** piety under Jiyva
  1967 | D:2      | Reached skill level 5 in Stealth
  2730 | D:3      | Gained mutation: You have a small jelly attached to you
                  | that may absorb projectiles. [Jiyva's grace]
  2730 | D:3      | Gained mutation: You have a small jelly attached to you
                  | that senses nearby items. [Jiyva's grace]
  2730 | D:3      | Gained mutation: You have a pair of small horns on your
                  | head. [Jiyva's grace]
  2730 | D:3      | Gained mutation: You have a pair of horns on your head.
                  | [Jiyva's grace]
  2896 | D:3      | Reached XP level 4. HP: 21/21 MP: 10/10
  2901 | D:3      | Identified the +5 hand axe of Amortisation {vorpal, rC+
                  | Will+ Int+3}
  2985 | D:3      | Reached **** piety under Jiyva
  3245 | D:4      | Found a hazy altar of Hepliaklqana.
  3283 | D:4      | Learned a level 3 spell: Confusing Touch
  3291 | D:4      | Learned a level 3 spell: Tukima's Dance
  3305 | D:4      | Killed a lemure
  3397 | D:4      | Noticed a lemure
  3546 | D:4      | Reached XP level 5. HP: 24/24 MP: 8/11
  3851 | D:4      | Reached skill level 6 in Stealth
  3870 | D:4      | Killed a lemure
  4000 | D:4      | Killed a lemure
  4081 | D:4      | Noticed a lemure
  4084 | D:4      | Noticed Pikel
  4131 | D:4      | Killed a lemure
  4158 | D:4      | Killed Pikel
  4159 | D:4      | Reached skill level 5 in Short Blades
  4159 | D:4      | Reached skill level 7 in Stealth
  4159 | D:4      | Reached skill level 5 in Spellcasting
  4159 | D:4      | Reached skill level 5 in Hexes
  4159 | D:4      | Reached XP level 6. HP: 28/28 MP: 8/14
  4159 | D:4      | Reached XP level 7. HP: 32/32 MP: 8/15
  4285 | D:5      | Entered Level 5 of the Dungeon
  4350 | D:5      | Found Naut Eluca's Serpentskin Sales.
  4361 | D:5      | Reached XP level 8. HP: 30/36 MP: 7/17
  4688 | D:5      | Found a staircase to the Ecumenical Temple.
  4716 | D:5      | Reached skill level 8 in Stealth
  4772 | D:5      | Reached ***** piety under Jiyva
  4977 | D:6      | Gained mutation: You have acidic saliva. [Jiyva's grace]
  4977 | D:6      | Gained mutation: You are partially covered in iridescent
                  | scales. (AC +2) [Jiyva's grace]
  4977 | D:6      | Gained mutation: You are mostly covered in iridescent
                  | scales. (AC +4) [Jiyva's grace]
  4977 | D:6      | Gained mutation: You are completely covered in iridescent
                  | scales. (AC +6) [Jiyva's grace]
  5660 | D:7      | Found Denej's Assorted Antiques.
  5746 | D:7      | Identified the +8 quarterstaff "Yhang" {freeze, rPois rC+
                  | Will++}
  5749 | D:7      | Found a snail-covered altar of Cheibriados.
  5949 | D:7      | Reached skill level 9 in Stealth
  6109 | D:7      | Learned a level 3 spell: Dazzling Flash
  6197 | D:7      | Reached XP level 9. HP: 39/39 MP: 17/20
  6876 | D:8      | Found a staircase to the Lair.
  6954 | D:8      | Lost mutation: You have a small jelly attached to you that
                  | may absorb projectiles. [Jiyva's grace]
  6954 | D:8      | Gained mutation: Your muscles are strong. (Str +2) [Jiyva's
                  | grace]
  6954 | D:8      | Gained mutation: Your muscles are very strong. (Str +4)
                  | [Jiyva's grace]
  6954 | D:8      | Gained mutation: You are strong-willed. (Will+) [Jiyva's
                  | grace]
  6954 | D:8      | Gained mutation: You are highly strong-willed. (Will++)
                  | [Jiyva's grace]
  6991 | D:8      | Reached skill level 10 in Stealth
  7294 | D:8      | Noticed a kobold demonologist
  7301 | D:8      | Killed a kobold demonologist
  7373 | D:8      | Reached skill level 10 in Short Blades
  7373 | D:8      | Reached XP level 10. HP: 44/44 MP: 16/23
  7631 | D:8      | Found a shadowy altar of Dithmenos.
  8037 | D:9      | Reached skill level 11 in Stealth
  8396 | D:9      | Found a sparkling altar of Nemelex Xobeh.
  8396 | D:9      | Found a basalt altar of Yredelemnul.
  8399 | D:9      | Found an iron altar of Okawaru.
  8403 | D:9      | Found a hide-covered altar of Uskayaw.
  8404 | D:9      | Found an ancient bone altar of Kikubaaqudgha.
  8404 | D:9      | Found a burning altar of Makhleb.
  8409 | D:9      | Found a blossoming altar of Fedhas.
  8534 | D:9      | Noticed a two-headed ogre
  8544 | D:9      | Killed a two-headed ogre
  8606 | D:9      | Reached skill level 5 in Dodging
  8741 | D:9      | Noticed a two-headed ogre
  8766 | D:9      | Killed a two-headed ogre
  8783 | D:10     | Entered Level 10 of the Dungeon
  8784 | D:10     | Reached ****** piety under Jiyva
  8787 | D:10     | Identified the +4 kite shield "Eluss" {Str+2 Int+2 Dex+2}
  8917 | D:10     | Lost mutation: You have a pair of horns on your head.
                  | [Jiyva's grace]
  8917 | D:10     | Lost mutation: You are completely covered in iridescent
                  | scales. (AC +6) [Jiyva's grace]
  8917 | D:10     | Lost mutation: You have a small jelly attached to you that
                  | senses nearby items. [Jiyva's grace]
  8917 | D:10     | Gained mutation: Your body has grown eyes which may confuse
                  | attackers. (Acc +3) [Jiyva's grace]
  8917 | D:10     | Gained mutation: Your body has grown many eyes which may
                  | confuse attackers. (Acc +5) [Jiyva's grace]
  8917 | D:10     | Gained mutation: Your body is covered in eyes which may
                  | confuse attackers. (Acc +7, SInv) [Jiyva's grace]
  8917 | D:10     | Gained mutation: You have a small jelly attached to you
                  | that senses nearby items. [Jiyva's grace]
  8925 | D:10     | Reached skill level 12 in Stealth
  9315 | D:10     | Reached XP level 11. HP: 45/47 MP: 25/25
  9559 | D:11     | Noticed a six-headed hydra
  9579 | D:11     | Killed a six-headed hydra
  9672 | D:11     | Found a staircase to the Orcish Mines.
  9803 | D:11     | Noticed Josephine
  9818 | D:11     | Killed Josephine
  9833 | D:11     | Reached skill level 10 in Hexes
  9919 | D:11     | Noticed a two-headed ogre
  9929 | D:11     | Killed a two-headed ogre
 10265 | D:12     | Reached skill level 13 in Stealth
 10283 | D:12     | Noticed Frances
 10290 | D:12     | Killed Frances
 10291 | D:12     | Reached skill level 10 in Spellcasting
 10340 | D:12     | Noticed a skeletal warrior
 10340 | D:12     | Noticed a skeletal warrior
 10342 | D:12     | Noticed a skeletal warrior
 10342 | D:12     | Noticed a skeletal warrior
 10352 | D:12     | Slimified a skeletal warrior
 10352 | D:12     | a skeletal warrior changed into a slime creature
 10357 | D:12     | Killed a skeletal warrior
 10359 | D:12     | Killed a skeletal warrior
 10361 | D:12     | Killed a skeletal warrior
 10423 | D:12     | Reached XP level 12. HP: 46/51 MP: 27/27
 10497 | D:12     | Noticed a two-headed ogre
 10513 | D:12     | Killed a two-headed ogre
 10579 | D:12     | Reached skill level 14 in Stealth
 10981 | D:13     | Lost mutation: Your body is covered in eyes which may
                  | confuse attackers. (Acc +7, SInv) [Jiyva's grace]
 10981 | D:13     | Gained mutation: You are extremely strong-willed. (Will+++)
                  | [Jiyva's grace]
 10981 | D:13     | Gained mutation: You passively map a small area around you.
                  | [Jiyva's grace]
 10981 | D:13     | Gained mutation: You passively map the area around you.
                  | [Jiyva's grace]
 10981 | D:13     | Gained mutation: You passively map a large area around you.
                  | [Jiyva's grace]
 11060 | D:13     | Noticed a two-headed ogre
 11072 | D:13     | Killed a two-headed ogre
 11168 | D:13     | Noticed a tengu warrior
 11176 | D:13     | Killed a tengu warrior
 11283 | D:13     | Noticed a catoblepas
 11294 | D:13     | Killed a catoblepas
 11471 | D:13     | Noticed a two-headed ogre
 11486 | D:13     | Killed a two-headed ogre
 11697 | D:14     | Killed a yaktaur captain
 11718 | D:14     | Noticed a tengu warrior
 11726 | D:14     | Noticed a tengu warrior
 11730 | D:14     | Killed a tengu warrior
 11731 | D:14     | Reached skill level 15 in Stealth
 11732 | D:14     | Killed a tengu warrior
 11733 | D:14     | Reached skill level 10 in Dodging
 11768 | D:14     | Noticed a six-headed hydra
 11784 | D:14     | Killed a six-headed hydra
 11932 | D:14     | Found Wedoedett's Antique Armour Emporium.
 11969 | D:14     | Lost mutation: You are extremely strong-willed. (Will+++)
                  | [Jiyva's grace]
 11969 | D:14     | Lost mutation: You are highly strong-willed. (Will++)
                  | [Jiyva's grace]
 11969 | D:14     | Lost mutation: You passively map a large area around you.
                  | [Jiyva's grace]
 11969 | D:14     | Lost mutation: Your muscles are very strong. (Str +4)
                  | [Jiyva's grace]
 11969 | D:14     | Lost mutation: Your body has grown many eyes which may
                  | confuse attackers. (Acc +5) [Jiyva's grace]
 11969 | D:14     | Gained mutation: Your body has grown many eyes which may
                  | confuse attackers. (Acc +5) [Jiyva's grace]
 11969 | D:14     | Gained mutation: Your body is covered in eyes which may
                  | confuse attackers. (Acc +7, SInv) [Jiyva's grace]
 11969 | D:14     | Gained mutation: You are partially covered in large bone
                  | plates. (SH +4) [Jiyva's grace]
 11969 | D:14     | Gained mutation: You are mostly covered in large bone
                  | plates. (SH +6) [Jiyva's grace]
 12148 | D:14     | Reached XP level 13. HP: 55/55 MP: 19/30
 12277 | D:14     | Found a gate to the Vaults.
 12440 | Lair:1   | Entered Level 1 of the Lair of Beasts
 12480 | Lair:1   | Found a blossoming altar of Fedhas.
 12636 | Lair:1   | Reached skill level 16 in Stealth
 12883 | Lair:1   | Found a frozen archway.
 12906 | IceCv    | Entered an ice cave
 13037 | IceCv    | Reached skill level 1 in Evocations
 13279 | IceCv    | Noticed a reaper
 13389 | IceCv    | Killed a reaper
 14314 | Lair:2   | Reached skill level 1 in Ice Magic
 14373 | Lair:2   | Lost mutation: You have a pair of small horns on your head.
                  | [Jiyva's grace]
 14373 | Lair:2   | Lost mutation: You are strong-willed. (Will+) [Jiyva's
                  | grace]
 14373 | Lair:2   | Lost mutation: Your body is covered in eyes which may
                  | confuse attackers. (Acc +7, SInv) [Jiyva's grace]
 14373 | Lair:2   | Gained mutation: You are covered in slimy tendrils that may
                  | disarm your opponents. [Jiyva's grace]
 14373 | Lair:2   | Gained mutation: You are robust. (+10% HP) [Jiyva's grace]
 14373 | Lair:2   | Gained mutation: You are very robust. (+20% HP) [Jiyva's
                  | grace]
 14373 | Lair:2   | Gained mutation: You are extremely robust. (+30% HP)
                  | [Jiyva's grace]
 14518 | Lair:2   | Reached skill level 17 in Stealth
 14588 | Lair:2   | Reached skill level 1 in Fighting
 14783 | Lair:2   | Found a staircase to the Shoals.
 15365 | Lair:3   | Reached XP level 14. HP: 81/81 MP: 32/32
 16441 | Lair:4   | Lost mutation: You are mostly covered in iridescent scales.
                  | (AC +4) [Jiyva's grace]
 16441 | Lair:4   | Lost mutation: You passively map the area around you.
                  | [Jiyva's grace]
 16441 | Lair:4   | Lost mutation: You are extremely robust. (+30% HP) [Jiyva's
                  | grace]
 16441 | Lair:4   | Lost mutation: You are very robust. (+20% HP) [Jiyva's
                  | grace]
 16441 | Lair:4   | Lost mutation: Your muscles are strong. (Str +2) [Jiyva's
                  | grace]
 16441 | Lair:4   | Lost mutation: You have acidic saliva. [Jiyva's grace]
 16441 | Lair:4   | Lost mutation: Your body has grown many eyes which may
                  | confuse attackers. (Acc +5) [Jiyva's grace]
 16441 | Lair:4   | Gained mutation: You are agile. (Dex +2) [Jiyva's grace]
 16441 | Lair:4   | Gained mutation: You are very agile. (Dex +4) [Jiyva's
                  | grace]
 16441 | Lair:4   | Gained mutation: Armour fits poorly on your pseudopods.
                  | [Jiyva's grace]
 16441 | Lair:4   | Gained mutation: Armour fits poorly on your large
                  | pseudopods. [Jiyva's grace]
 16658 | Lair:4   | Reached skill level 18 in Stealth
 16846 | Lair:4   | Found a staircase to the Snake Pit.
 17350 | Lair:5   | Noticed Rupert
 17479 | Lair:5   | Slimified Rupert
 17479 | Lair:5   | Noticed Rupert
 17479 | Lair:5   | Rupert changed into Rupert the acid blob
 17486 | Lair:5   | Found a staircase to the Slime Pits.
 17548 | Slime:1  | Entered Level 1 of the Pits of Slime
 17548 | Slime:1  | Noticed an acid blob
 17575 | Slime:1  | Noticed a quicksilver ooze
 17577 | Slime:1  | Noticed a quicksilver ooze
 17589 | Slime:1  | Noticed a quicksilver ooze
 17590 | Slime:1  | Noticed an acid blob
 17746 | Slime:2  | Noticed an azure jelly
 17830 | Slime:3  | Noticed an acid blob
 17944 | Slime:3  | Noticed an acid blob
 18011 | Slime:3  | Noticed an acid blob
 18060 | Slime:4  | Noticed Dissolution
 18060 | Slime:4  | Noticed a rockslime
 18060 | Slime:4  | Noticed an acid blob
 18111 | Slime:4  | Noticed a quicksilver ooze
 18128 | Slime:4  | Noticed an acid blob
 18131 | Slime:4  | Noticed a rockslime
 18181 | Slime:4  | Noticed a quicksilver ooze
 18293 | Slime:4  | Noticed a quicksilver ooze
 18330 | Slime:5  | Entered Level 5 of the Pits of Slime
 18343 | Slime:5  | Noticed an acid blob
 18371 | Slime:5  | Noticed a quicksilver ooze
 18371 | Slime:5  | Noticed an acid blob
 18373 | Slime:5  | Found a viscous altar of Jiyva.
 18373 | Slime:5  | Noticed a rockslime
 18373 | Slime:5  | Noticed an acid blob
 18374 | Slime:5  | Noticed an acid blob
 18375 | Slime:5  | Noticed the Royal Jelly
 18376 | Slime:5  | Identified the +0 robe "Ehaixizi" {Int+3}
 18376 | Slime:5  | Noticed an acid blob
 18376 | Slime:5  | Noticed a rockslime
 18378 | Slime:5  | Identified the +0 kite shield of the Yeti {+Inv Will++
                  | Str+4 Dex-3}
 18379 | Slime:5  | Noticed an acid blob
 18381 | Slime:5  | Noticed an acid blob
 18384 | Slime:5  | Noticed an azure jelly
 18389 | Slime:5  | Identified the +2 robe of Hangman {Dex+3 Stlth+}
 18391 | Slime:5  | Identified the +1 pair of gloves of Bad Feelings {+Inv}
 18394 | Slime:5  | Identified the +6 acid dragon scales "Arut" {rPois rC++
                  | rCorr}
 18399 | Slime:5  | Noticed an azure jelly
 18404 | Slime:5  | Got a slimy rune of Zot
 18463 | Slime:5  | Noticed an acid blob
 18468 | Slime:5  | Noticed a quicksilver ooze
 18555 | Slime:5  | Noticed an acid blob
 18583 | Slime:5  | Noticed a quicksilver ooze
 18864 | Lair:5   | Killed Rupert the acid blob
 19270 | Lair:5   | Found a sacrificial altar of Ru.
 19529 | Lair:5   | Identified the +3 falchion "Dethu" {vorpal, *Noise rElec
                  | rF+++ Will-}
 19632 | Lair:6   | Entered Level 6 of the Lair of Beasts
 19670 | Lair:6   | Lost mutation: You are mostly covered in large bone plates.
                  | (SH +6) [Jiyva's grace]
 19670 | Lair:6   | Lost mutation: You are very agile. (Dex +4) [Jiyva's grace]
 19670 | Lair:6   | Lost mutation: You are covered in slimy tendrils that may
                  | disarm your opponents. [Jiyva's grace]
 19670 | Lair:6   | Gained mutation: You have acidic saliva. [Jiyva's grace]
 19670 | Lair:6   | Gained mutation: You have a pair of small antennae on your
                  | head. [Jiyva's grace]
 19670 | Lair:6   | Gained mutation: You have a pair of antennae on your head.
                  | [Jiyva's grace]
 19670 | Lair:6   | Gained mutation: You have a pair of large antennae on your
                  | head. (SInv) [Jiyva's grace]
 20193 | Lair:6   | Reached XP level 15. HP: 77/77 MP: 32/34
 20492 | Lair:6   | Reached skill level 5 in Ice Magic
 21126 | Orc:1    | Entered Level 1 of the Orcish Mines
 21281 | Orc:1    | Reached skill level 19 in Stealth
 21289 | Orc:1    | Reached skill level 5 in Fighting
 21842 | Orc:2    | Entered Level 2 of the Orcish Mines
 21959 | Orc:2    | Lost mutation: You have a pair of large antennae on your
                  | head. (SInv) [Jiyva's grace]
 21959 | Orc:2    | Lost mutation: You are agile. (Dex +2) [Jiyva's grace]
 21959 | Orc:2    | Lost mutation: You passively map a small area around you.
                  | [Jiyva's grace]
 21959 | Orc:2    | Lost mutation: You have acidic saliva. [Jiyva's grace]
 21959 | Orc:2    | Lost mutation: Your body has grown eyes which may confuse
                  | attackers. (Acc +3) [Jiyva's grace]
 21959 | Orc:2    | Lost mutation: You have a small jelly attached to you that
                  | senses nearby items. [Jiyva's grace]
 21959 | Orc:2    | Gained mutation: Your spells are a little harder to cast,
                  | but a little more powerful. [Jiyva's grace]
 21959 | Orc:2    | Gained mutation: Your spells are harder to cast, but more
                  | powerful. [Jiyva's grace]
 21959 | Orc:2    | Gained mutation: Your spells are much harder to cast, but
                  | much more powerful. [Jiyva's grace]
 21959 | Orc:2    | Gained mutation: Your flesh is cold resistant. (rC+)
                  | [Jiyva's grace]
 22008 | Orc:2    | Noticed an orc warlord
 22038 | Orc:2    | Killed an orc warlord
 22099 | Orc:2    | Found Revveaw's Antique Weapon Shop.
 22129 | Orc:2    | Reached skill level 15 in Spellcasting
 22216 | Orc:2    | Found Juuk's Jewellery Shop.
 22233 | Orc:2    | Found Tutuw's General Store.
 22240 | Orc:2    | Found Sutza's Antique Armour Shop.
 22269 | Orc:2    | Bought a potion of might for 64 gold pieces
 22604 | Orc:2    | Found a staircase to the Elven Halls.
 22807 | Orc:2    | Bought a ring of wizardry for 540 gold pieces
 23001 | Shoals:1 | Entered Level 1 of the Shoals
 23487 | Shoals:2 | Lost mutation: You are partially covered in large bone
                  | plates. (SH +4) [Jiyva's grace]
 23487 | Shoals:2 | Gained mutation: You are very robust. (+20% HP) [Jiyva's
                  | grace]
 23487 | Shoals:2 | Gained mutation: You are extremely robust. (+30% HP)
                  | [Jiyva's grace]
 23487 | Shoals:2 | Gained mutation: Your flesh is very cold resistant. (rC++)
                  | [Jiyva's grace]
 23487 | Shoals:2 | Gained mutation: Your flesh is almost immune to the effects
                  | of cold. (rC+++) [Jiyva's grace]
 23603 | Shoals:2 | Lost mutation: You have a pair of antennae on your head.
                  | [potion of mutation]
 23603 | Shoals:2 | Lost mutation: You are extremely robust. (+30% HP) [potion
                  | of mutation]
 23603 | Shoals:2 | Gained mutation: You tend to lose your temper in combat.
                  | [potion of mutation]
 23603 | Shoals:2 | Gained mutation: You are agile. (Dex +2) [potion of
                  | mutation]
 23639 | Shoals:2 | Reached skill level 15 in Dodging
 24170 | Shoals:2 | Reached XP level 16. HP: 92/92 MP: 31/36
 24230 | Shoals:3 | Identified the +1 chain mail of Majestic Creativity {rElec
                  | rPois Str+7 Stlth-}
 24455 | Shoals:3 | Noticed Ilsuiw
 24458 | Shoals:3 | Noticed Mlioglotl
 24604 | Shoals:3 | Reached skill level 20 in Stealth
 24629 | Shoals:3 | Killed Ilsuiw
 24630 | Shoals:3 | Reached skill level 15 in Hexes
 24949 | Shoals:4 | Entered Level 4 of the Shoals
 25345 | Shoals:4 | Noticed Mara
 25464 | Shoals:4 | Noticed NoAnimeNoLife's illusion
 25535 | Shoals:4 | Noticed a sphinx
 25550 | Shoals:4 | Noticed NoAnimeNoLife's illusion
 25574 | Shoals:4 | Killed a sphinx
 25641 | Shoals:4 | Got a barnacled rune of Zot
 26011 | Vaults:1 | Entered Level 1 of the Vaults
 26638 | Vaults:1 | Lost mutation: You are very robust. (+20% HP) [Jiyva's
                  | grace]
 26638 | Vaults:1 | Lost mutation: Your spells are much harder to cast, but
                  | much more powerful. [Jiyva's grace]
 26638 | Vaults:1 | Gained mutation: Your spells are much harder to cast, but
                  | much more powerful. [Jiyva's grace]
 26638 | Vaults:1 | Gained mutation: You are strong-willed. (Will+) [Jiyva's
                  | grace]
 26638 | Vaults:1 | Gained mutation: You are highly strong-willed. (Will++)
                  | [Jiyva's grace]
 26638 | Vaults:1 | Gained mutation: You are extremely strong-willed. (Will+++)
                  | [Jiyva's grace]
 26730 | Vaults:1 | Mangled by a phantasmal warrior

Illustrated notes

Levels and vault maps discovered:
D:1:      dpeg_arrival_yet_another_circle, layout_basic,
          ebering_ecumenical_altar_mist
D:2:      minmay_chambers_of_ones, layout_basic, basic_altar, solitary_fountain
D:3:      layout_basic
D:4:      layout_loops_cross, nzn_hepliaklqana_mist_gate, grunt_ministairs_1,
          chequers_serial_rivers_room_b, uniq_pikel
D:5:      layout_loops_ring, minmay_temple_entry_butterflies,
          guppyfry_shop_venom
D:6:      layout_basic, st_stairs_11
D:7:      layout_cave_pools, mainiacjoe_overflow_24_doors, serial_shops,
          nicolae_shop_competitors_out_of_business
D:8:      layout_loops_ring, nicolae_dithmenos_through_a_glass_darkly,
          erik_lair_orcish_takeover, special_room [special_room_kobold]
D:9:      layout_long_grid, minitemple
D:10:     layout_basic, serial_rivers, chequers_serial_rivers_marsh,
          chequers_serial_rivers_small_a, chequers_serial_rivers_room_a,
          chequers_serial_rivers_marsh
D:11:     layout_cave_pools, hiddenorc2_lemuel, uniq_josephine
D:12:     layout_roguey, uniq_frances
D:13:     layout_irregular_city, st_stairs_8
D:14:     layout_loops_ring, david_vaults_2, serial_park_square1
          [serial_park_minivault_5x5_2], serial_glass, glass_columns_c,
          glass_columns_b, glass_columns_b, glass_columns_a, glass_columns_a,
          glass_columns_b, glass_columns_a, glass_columns_c, glass_columns_a,
          glass_columns_b, glass_columns_c, glass_columns_a, glass_columns_a,
          glass_columns_a, serial_shops, kennysheep_mini_moat
Lair:1:   layout_loops_ring, portal_ice_cave_demonic_guard, tgw_fedhas
Lair:2:   layout_roguey, minmay_shoals_entry_centaurs, minmay_shattered_shrine
Lair:3:   mu_elephants_graveyard, layout_gridlike
Lair:4:   layout_misc_corridors, minmay_snake_entry_guardpost_small,
          serial_bayou_lake_a
Lair:5:   layout_misc_corridors, nicolae_slime_entry_slimehenge, basic_altar,
          special_room [special_room_bee], uniq_rupert
Lair:6:   hangedman_lair_tendril_chambers, layout_regular_city, minivault_11
Shoals:1: layout_shoals
Shoals:2: layout_shoals, nicolae_shoals_stone_sculpture_thing
Shoals:3: layout_shoals, gammafunk_ghost_cemetery,
          nicolae_shoals_circle_sea_wall, uniq_ilsuiw, uniq_mlioglotl
Shoals:4: shoals_end_hellmonk_lost_city, uniq_mara
Slime:1:  layout_caves
Slime:2:  layout_caves
Slime:3:  layout_caves
Slime:4:  layout_caves, dissolution_awaits
Slime:5
Orc:1:    layout_caves, serial_shops, abandoned_shop
Orc:2:    grunt_orc_cross, layout_caves
Vaults:1: nicolae_vaults_twisting_passages, grunt_vaults_twisty,
          vaults_dpeg_hooks, vaults_room_grunt_arrival_ludios,
          vaults_mumra_minichess_inversion, vaults_room_hallway,
          grunt_vaults_diagonal, nicolae_vaults_circle_grid_a,
          dpeg_vaults_pockets_of_resistance, vaults_room_stairs_pillars,
          hangedman_vaults_variations, nicolae_vaults_diagonal_hallway_7,
          nicolae_vaults_diagonal_hallway_7, vaults_room_pool,
          layout_vaults_ring

Skill      XL: |  1  2  3  4  5  6  7  8  9 10 11 12 13 14 15 16 |
---------------+-------------------------------------------------+-----
Short Blades   | 2 3 5 6 8 10 11 13 | 13.1
Spellcasting   | 3 5 6 8 9 10 12 13 14 15 16 | 16.4
Hexes          | 4 5 6 7 8 9 10 12 13 14 15 | 15.8
Stealth        | 5 7 9 10 12 13 15 17 18 19 20 | 20.9
Dodging        | 3 6 8 10 12 13 15 16 | 16.2
Evocations     | 4 |  4.0
Ice Magic      | 2 4 6 7 |  7.5
Fighting       | 2 4 6 7 |  7.4

Action                   |  1- 3 |  4- 6 |  7- 9 | 10-12 | 13-15 | 16-18 || total
-------------------------+-------+-------+-------+-------+-------+-------++-------
Melee: Dagger            |   116 |    34 |   234 |   284 |  1799 |   516 ||  2983
       Punch             |     2 |       |     2 |     3 |    38 |    13 ||    58
       Headbutt          |     1 |     2 |    44 |    62 |    99 |       ||   208
       Bite              |       |       |    22 |    31 |   218 |       ||   271
       Pseudopods        |       |       |       |       |   280 |   119 ||   399
 Cast: Ensorcelled Hiber |    17 |    30 |    47 |    50 |   231 |   102 ||   477
       Tukima's Dance    |       |     2 |    11 |    29 |    11 |     3 ||    56
       Confusing Touch   |       |     2 |     4 |    18 |    46 |    21 ||    91
       Dazzling Flash    |       |       |    11 |    27 |   162 |    52 ||   252
Invok: Oozemancy         |       |     1 |     2 |     3 |     8 |     4 ||    18
       Slimify           |       |       |       |     1 |     2 |       ||     3
Evoke: Wand              |       |       |     8 |       |     2 |    14 ||    24
       Lightning rod     |       |       |       |       |     1 |       ||     1
  Use: Scroll            |     3 |     1 |     4 |     6 |     7 |     2 ||    23
       Potion            |       |       |       |     7 |     3 |     4 ||    14
 Stab: Sleeping          |    12 |    16 |    29 |    34 |   135 |    42 ||   268
       Confused          |       |     2 |     3 |    17 |    60 |    11 ||    93
       Invisible         |       |       |     9 |    24 |   142 |    24 ||   199
       Distracted        |       |       |       |     1 |     7 |     2 ||    10
       Petrified         |       |       |       |       |     1 |       ||     1
       Paralysed         |       |       |       |       |     1 |       ||     1
Armor: Robe              |     4 |     2 |    33 |    39 |       |       ||    78
       Acid dragon scale |       |       |       |     7 |   174 |    67 ||   248
Dodge: Dodged            |    83 |    20 |   174 |   207 |  1711 |   836 ||  3031
Block: Other             |       |       |       |       |   357 |       ||   357
